Map: Eternal Empire LE

Players

llllllllllll

  • Race: Terran Terran
  • League: Grandmaster
  • Spawn Location: 7:00

akira - Winner!

  • Race: Protoss Protoss
  • League: Master
  • Spawn Location: 1:00

VOD

Have the link to the VOD?

Description

Time

  • Played on: April 22, 2020, 1:17 a.m.
  • Length: 18:00
Show
View Real Time Build Order
Export as new Build Order

llllllllllll Terran 

Build Orders: Reaper Expand 

Get SALT Encoding   

  12  0:00  SCV  
  13  0:12  SCV  
  14  0:17  Supply Depot  
  14  0:24  SCV  
  15  0:38  SCV  
  15  0:40  Barracks  
  16  0:43  Refinery  
  16  0:50  SCV  
  17  1:03  SCV  
  18  1:15  SCV  
  19  1:27  Reaper, Orbital Command  
  20  1:42  Command Center  
  20  1:53  SCV, Bunker  
  21  1:59  Marine  
  22  2:02  Supply Depot  
  22  2:05  SCV  
  23  2:16  Factory  
  23  2:22  Refinery  
  23  2:24  SCV, Barracks Reactor  
  24  2:36  SCV  
  24  2:48  SCV  
  25  2:54  Orbital Command  
  25  3:00  SCV  
  25  3:01  Marine x2  
  25  3:02  Widow Mine, Starport  
  30  3:12  SCV  
  31  3:19  SCV, Supply Depot, Marine x2  
  34  3:24  SCV  
  34  3:25  Widow Mine  
  37  3:31  SCV  
  38  3:36  SCV  
  38  3:38  Marine x2  
  38  3:39  Medivac  
  43  3:45  Barracks  
  43  3:47  SCV  
  44  3:48  SCV  
  44  3:51  Factory Tech Lab  
  45  3:56  Engineering Bay  
  45  3:58  Supply Depot  
  45  3:59  SCV  
  45  4:00  SCV  
  47  4:03  Marine x2  
  49  4:11  SCV  
  49  4:13  SCV  
  49  4:15  Factory Tech Lab  
  49  4:16  Raven  
  53  4:19  Refinery  
  53  4:21  Supply Depot  
  53  4:25  SCV x2  
  53  4:29  Barracks  
  53  4:31  Terran Infantry Weapons Level 1  
  55  4:37  SCV x2  
  57  4:42  Marine x2  
  59  4:48  Stimpack  
  59  4:49  SCV, Marauder  
  59  4:51  SCV  
  63  4:54  Supply Depot  
  63  4:57  Factory Reactor  
  63  5:01  SCV, Refinery  
  63  5:02  Supply Depot  
  63  5:03  SCV  
  65  5:12  Starport Reactor  
  65  5:13  SCV  
  68  5:14  Marauder, Marine x2  
  68  5:16  SCV  
  71  5:25  SCV  
  71  5:28  SCV, Combat Shield  
  73  5:29  Marauder  
  73  5:32  Marine x2  
  73  5:34  Widow Mine x2  
  73  5:35  Marauder  
  83  5:41  Supply Depot  
  83  5:49  Supply Depot  
  83  5:50  Marauder, Marine  
  83  5:56  Supply Depot  
  86  5:57  Supply Depot  
  86  6:03  Medivac x2, Widow Mine x2  
  94  6:09  Marine  
  94  6:11  Marauder, Command Center  
  96  6:12  Marine x2  
  98  6:21  Supply Depot  
  98  6:24  SCV  
  99  6:27  Marine  
  99  6:29  Marine  
  99  6:30  Marauder  
  99  6:32  Marine  
  104  6:33  Concussive Shells, Medivac x2, Terran Infantry Armor Level 1  
  108  6:41  SCV  
  109  6:48  Barracks  
  109  6:49  Barracks  
  109  6:51  Supply Depot  
  109  6:53  SCV x2  
  111  6:57  Widow Mine x2  
  113  7:03  Medivac x2  
  113  7:04  Marauder  
  113  7:05  Marauder  
  121  7:12  SCV x2  
  111  7:19  Widow Mine  
  111  7:23  Marine  
  111  7:24  SCV x2  
  111  7:25  Marauder, Marine  
  111  7:26  Marauder  
  112  7:40  Marine  
  112  7:43  Medivac x2  
  109  7:46  SCV x2  
  109  7:47  Marauder  
  109  7:49  Barracks Reactor, Orbital Command, Barracks Tech Lab  
  109  7:55  Marauder  
  109  7:56  Marine  
  109  7:58  SCV, Marine  
  109  8:02  SCV  
  113  8:08  Orbital Command, Marauder  
  113  8:10  Marauder  
  115  8:14  Marine  
  115  8:16  Starport  
  112  8:20  SCV  
  112  8:23  Armory, Engineering Bay  
  112  8:24  Marauder  
  112  8:25  Marine  
  116  8:30  Marauder  
  116  8:32  Marine  
  119  8:35  Viking  
  119  8:36  Viking  
  119  8:39  SCV x2  
  119  8:40  Ghost Academy  
  119  8:41  SCV  
  126  8:51  SCV  
  127  8:55  Refinery  
  127  8:57  Marauder x2, Refinery  
  127  8:58  Marauder, Marine  
  127  8:59  Marine x2  
  136  9:05  Viking  
  136  9:18  Marauder  
  136  9:19  Viking x3  
  136  9:22  Marauder x2, Marine x2  
  146  9:28  SCV  
  135  9:40  Marauder, Marine  
  135  9:41  Marine  
  135  9:42  Marine  
  135  9:43  Marauder  
  135  9:44  Viking, Marauder  
  120  9:49  Viking  
  120  9:50  Viking  
  107  9:55  Orbital Command  
  101  10:00  Marine x2  
  101  10:01  Marauder  
  101  10:02  SCV x2  
  101  10:05  Marauder  
  109  10:09  Marauder  
  109  10:10  Marine x2  
  113  10:14  SCV x2  
  115  10:22  Marine  
  115  10:23  Marauder, Marine  
  115  10:26  SCV x2, Marauder  
  115  10:28  SCV  
  124  10:35  Marauder  
  113  10:38  SCV x2, Terran Infantry Armor Level 2, Marine, Terran Infantry Weapons Level 2  
  113  10:39  Marine  
  117  10:44  SCV, Marauder  
  117  10:51  Marauder, Marine  
  117  10:52  Marine  
  117  10:56  Marauder, Marine, Liberator x2  
  118  11:00  Marine  
  115  11:05  Marauder  
  115  11:08  SCV  
  114  11:12  Marauder  
  114  11:17  Marauder, Marine  
  112  11:24  Medivac x2  
  115  11:27  Marauder  
  115  11:29  Marine  
  115  11:30  SCV  
  115  11:33  Marine  
  115  11:34  Marauder  
  115  11:37  Marine x2  
  115  11:39  Marauder  
  113  11:45  Command Center  
  113  11:47  Marine  
  113  11:48  Marauder  
  113  11:50  SCV  
  113  11:51  Marine  
  110  11:55  Marauder, Marine x2  
  110  12:00  Marauder  
  110  12:02  SCV  
  110  12:05  Marine  
  105  12:09  Marauder, Marine  
  105  12:13  Marine x2  
  105  12:14  Supply Depot x2  
  109  12:19  Supply Depot  
  113  12:23  Marine  
  113  12:26  Marine  
  113  12:29  Missile Turret  
  115  12:30  Marine  
  115  12:31  Marine  
  115  12:33  Liberator x2  
  115  12:35  SCV  
  126  12:41  Marine  
  127  12:44  Marine  
  127  12:45  Unknown, Marauder  
  127  12:50  Unknown, Marauder  
  127  12:51  Refinery  
  132  12:53  SCV  
  132  12:58  Marine x3  
  135  12:59  Unknown, Marauder  
  135  13:00  Widow Mine  
  135  13:02  Viking x2  
  135  13:04  SCV  
  145  13:06  Marauder  
  145  13:08  Marine  
  145  13:11  Marauder  
  137  13:14  SCV  
  137  13:15  Marine  
  137  13:16  Viking  
  137  13:18  Orbital Command  
  127  13:21  Widow Mine  
  120  13:28  Viking, Marauder  
  120  13:29  Marine  
  120  13:33  Marauder, Marine  
  124  13:36  SCV, Marine  
  124  13:39  SCV  
  120  13:49  Unknown  
  120  13:51  Viking x2  
  120  13:55  Viking  
  123  14:00  Viking  
  123  14:02  SCV  
  126  14:03  Orbital Command  
  126  14:05  SCV  
  126  14:07  SCV  
  128  14:13  Marauder, Marine  
  128  14:14  SCV  
  128  14:15  Marine  
  133  14:21  Viking  
  133  14:23  Marauder  
  117  14:29  Viking  
  113  14:37  Marauder x2, Marine x2  
  115  14:39  Marine  
  115  14:41  Marine  
  96  14:48  Marauder  
  87  14:55  Marine x2  
  87  14:57  Marine  
  87  14:58  Marauder x2  
  87  14:59  Marine  
  87  15:09  Marine  
  87  15:12  Marine  
  87  15:13  Marine  
  88  15:15  Marine  
  88  15:17  Marine  
  96  15:30  Marine x2  
  98  15:43  Command Center  
  98  15:49  Unknown x2  
  102  15:50  Marauder  
  102  15:51  Marine  
  102  15:53  Marine  
  102  15:55  Unknown  
  102  15:56  Orbital Command, Marauder  
  106  15:57  Medivac x2  
  106  16:01  Medivac  
  106  16:02  Medivac  
  114  16:12  Marauder, Marine  
  114  16:17  Unknown, Marauder  
  114  16:18  Marauder  
  121  16:20  Fusion Core  
  121  16:26  Refinery  
  121  16:31  Marine  
  122  16:34  Marauder  
  122  16:36  Liberator  
  122  16:38  Marauder  
  122  16:39  SCV x3  
  132  16:42  Liberator  
  133  16:59  Marine x3  
  134  17:03  Marauder  
  133  17:08  Marauder x2  
  133  17:12  SCV  
  113  17:28  Marauder, Marine  
  113  17:29  Viking  
  113  17:30  Marauder  
  113  17:33  Marauder, Marine  
Show
View Real Time Build Order
Export as new Build Order

akira Protoss - Winner!

Build Orders: 1 Gate Expand, Colossus Rush 

Get SALT Encoding   

  12  0:01  Probe  
  13  0:13  Probe  
  14  0:17  Pylon  
  14  0:25  Probe  
  15  0:35  Gateway  
  15  0:38  Probe (Chrono Boost)  
  16  0:47  Probe (Chrono Boost)  
  16  0:48  Assimilator  
  17  0:52  Probe (Chrono Boost)  
  18  1:04  Probe  
  19  1:16  Probe  
  20  1:24  Nexus  
  20  1:34  Cybernetics Core  
  20  1:37  Probe  
  21  1:44  Assimilator  
  21  1:49  Probe  
  22  1:54  Pylon  
  22  2:01  Probe  
  23  2:09  Probe, Adept (Chrono Boost)  
  23  2:14  Warp Gate  
  26  2:17  Probe  
  27  2:28  Probe  
  28  2:32  Stalker  
  30  2:39  Probe (Chrono Boost)  
  32  2:45  Probe (Chrono Boost)  
  32  2:46  Twilight Council  
  32  2:50  Probe (Chrono Boost)  
  33  2:53  Gateway  
  33  2:55  Probe (Chrono Boost)  
  33  2:56  Probe  
  35  3:02  Sentry  
  37  3:09  Probe x2  
  39  3:21  Probe x2  
  39  3:23  Charge  
  41  3:29  Robotics Facility  
  41  3:33  Probe x2  
  43  3:36  Pylon  
  43  3:45  Probe x2  
  45  3:52  Nexus  
  45  3:59  Probe x2  
  47  4:03  Stalker x2  
  51  4:10  Pylon  
  51  4:11  Probe x2  
  51  4:16  Assimilator  
  53  4:18  Observer (Chrono Boost)  
  53  4:20  Assimilator  
  54  4:27  Forge  
  54  4:28  Probe x2  
  54  4:30  Robotics Bay  
  56  4:39  Stalker  
  56  4:40  Probe  
  56  4:44  Probe  
  60  4:48  Stalker  
  62  4:52  Pylon  
  62  5:03  Probe x2, Observer (Chrono Boost)  
  62  5:05  Probe  
  62  5:06  Protoss Ground Weapons Level 1  
  66  5:10  Gateway  
  66  5:11  Gateway  
  66  5:12  Gateway  
  66  5:15  Probe x2, Blink (Chrono Boost)  
  66  5:17  Probe  
  69  5:24  Observer  
  69  5:27  Probe  
  70  5:28  Probe  
  70  5:29  Probe  
  70  5:32  Colossus (Chrono Boost)  
  78  5:40  Probe x2  
  78  5:41  Probe  
  78  5:42  Pylon  
  81  5:52  Probe  
  81  5:54  Pylon  
  81  5:55  Extended Thermal Lance  
  81  5:56  Pylon  
  82  5:57  Observer  
  82  6:01  Gateway  
  82  6:03  Gateway  
  82  6:06  Gateway  
  82  6:08  Observer  
  82  6:10  Observer (Chrono Boost)  
  83  6:26  Stalker x2, Observer  
  83  6:27  Stalker x3  
  92  6:35  Colossus (Chrono Boost)  
  92  6:36  Pylon x2  
  92  6:37  Probe  
  92  6:38  Probe x2  
  101  6:40  Assimilator  
  101  6:44  Assimilator  
  101  6:52  Zealot x5  
  109  7:15  Zealot x8  
  109  7:23  Colossus  
  109  7:25  Probe x2  
  109  7:26  Photon Cannon  
  112  7:36  Zealot x2  
  108  7:37  Probe x2  
  108  7:40  Probe  
  105  7:53  Probe, Templar Archives  
  105  7:55  Nexus  
  104  7:59  Zealot x5  
  104  8:01  Probe  
  113  8:06  Probe  
  113  8:07  Pylon  
  113  8:11  Observer  
  112  8:13  Photon Cannon  
  112  8:16  Warp Prism (Chrono Boost)  
  114  8:21  Protoss Ground Weapons Level 2 (Chrono Boost)  
  114  8:24  Forge  
  114  8:29  High Templar x3  
  114  8:31  High Templar  
  122  8:34  Archon x2  
  122  8:36  High Templar x2  
  126  8:41  Zealot x2  
  130  8:49  Pylon  
  130  8:50  Probe x3  
  130  8:53  Archon  
  133  8:56  Observer  
  133  9:06  Pylon  
  133  9:09  Zealot, Disruptor (Chrono Boost)  
  135  9:10  Zealot x6  
  135  9:11  Zealot  
  144  9:19  Probe  
  120  9:43  Zealot x2  
  114  9:47  Zealot x4  
  114  9:49  Probe  
  95  10:06  Probe  
  83  10:09  Stalker x8  
  83  10:11  Probe x3  
  102  10:20  Probe  
  103  10:23  Probe  
  103  10:24  Disruptor (Chrono Boost)  
  104  10:37  Probe  
  104  10:40  Zealot x8  
  87  11:05  Zealot x7  
  87  11:06  Zealot  
  87  11:08  Probe  
  92  11:20  Stalker  
  92  11:21  Stalker, Robotics Facility  
  80  11:41  Probe x2  
  82  11:47  Pylon, Zealot x3  
  82  11:48  Zealot x4  
  94  12:00  Immortal (Chrono Boost)  
  92  12:01  Probe  
  92  12:07  Probe  
  94  12:10  Colossus (Chrono Boost)  
  94  12:12  Observer  
  100  12:15  Probe  
  100  12:16  Probe  
  100  12:17  Probe  
  100  12:19  Probe, Photon Cannon  
  100  12:20  Photon Cannon  
  104  12:28  Colossus (Chrono Boost)  
  104  12:30  Pylon  
  104  12:32  Probe  
  109  12:51  Disruptor (Chrono Boost)  
  109  12:52  Zealot  
  109  12:53  Zealot x6  
  109  12:54  Stalker  
  113  13:15  Zealot  
  113  13:16  Zealot x3  
  113  13:17  Zealot  
  111  13:27  Stalker x3  
  111  13:29  Probe x2  
  119  13:37  Probe  
  112  13:42  Probe x2  
  104  13:49  Probe  
  104  13:50  Disruptor (Chrono Boost)  
  104  13:51  Disruptor (Chrono Boost)  
  111  14:05  Stalker  
  111  14:07  High Templar x4  
  121  14:11  Archon  
  121  14:12  Stalker, Archon  
  121  14:13  Stalker x2  
  127  14:19  Disruptor x2  
  103  14:33  Zealot  
  103  14:37  Zealot  
  103  14:38  Zealot x2  
  102  14:46  Probe  
  102  14:48  Stalker  
  102  14:49  Stalker x2  
  105  14:54  Probe  
  105  14:55  Probe  
  107  15:01  Probe  
  106  15:07  Probe  
  107  15:14  High Templar x4  
  107  15:15  Zealot  
  107  15:16  Zealot x3  
  107  15:19  Protoss Ground Armor Level 1 (Chrono Boost)  
  107  15:21  Gateway  
  123  15:22  Gateway, Forge  
  123  15:26  Archon x2  
  123  15:28  Nexus  
  123  15:33  Colossus  
  123  15:34  Colossus  
  135  16:14  Stalker x8  
  151  16:22  Unknown  
  151  16:32  Zealot x2  
  155  16:40  Zealot x6  
  155  16:41  Zealot  
  169  17:04  Zealot x5  
  159  17:33  Zealot x10  
Tags
 
Add a new tag
Caveats
  • Supply blocks, unpowered buildings, or Contaminate may cause inaccurate times.
  • Supply counts are checked every 10 seconds.